 Dungeon Crawl Stone Soup version 0.29-a0-322-g68df515428 (webtiles) character file.

Game seed: 14323220671106173328

1376 rabbitsville the Ruffian (level 8, -5/78 HPs)
             Began as a Troll Gladiator on Apr 8, 2022.
             Was a Believer of Okawaru.
             Slain by an unseen horror (7 damage)
             ... on level 6 of the Dungeon.
             The game lasted 00:19:13 (4626 turns).

rabbitsville the Ruffian (Troll Gladiator)          Turns: 4626, Time: 00:19:14

Health: -5/78      AC:  8    Str: 25    XL:     8   Next: 39%
Magic:  7/7        EV: 10    Int:  4    God:    Okawaru [**....]
Gold:   125        SH:  0    Dex: 11    Spells: 7/7 levels left

rFire   . . .      SeeInvis .     - Unarmed
rCold   + . .      Faith    +   (no shield)
rNeg    + . .      Spirit   .   F - +1 robe of Proximity {rN+}
rPois   +          Reflect  .   b - +0 hat
rElec   .          Harm     .   I - +2 cloak {rPois}
rCorr   .          Rampage  .   (gloves unavailable)
Will    .....                   (boots unavailable)
Stlth   +.........              H - amulet of faith
HPRegen 1.03/turn               t - ring of protection from cold
MPRegen 0.10/turn               (no ring)

@: no status effects
A: large, unfitting armour, claws 3, regeneration 1, shaggy fur 1, tough skin 1
a: Renounce Religion, Heroism


You were on level 6 of the Dungeon.
You worshipped Okawaru.
Okawaru was pleased with you.
You visited 2 branches of the dungeon, and saw 7 of its levels.

You collected 417 gold pieces.
You spent 292 gold pieces at shops.

Inventory:

Hand Weapons
 a - a +3 hunting sling
Missiles
 c - 3 throwing nets
 d - a large rock (quivered)
 w - 3 atropa-tipped darts
 C - 4 boomerangs of dispersal
 D - 3 poisoned darts
 J - 4 boomerangs
Armour
 b - a +0 hat (worn)
 A - a +0 robe
 F - the +1 robe of Proximity (worn) {rN+}
   (You found it on level 4 of the Dungeon)

   rN:        It protects you from negative energy.
 I - a +2 cloak of poison resistance (worn)
Jewellery
 t - a ring of protection from cold (left claw)
 H - an amulet of faith (around neck)
Wands
 u - a wand of polymorph (12)
 x - a wand of flame (36)
 B - a wand of acid (7)
Scrolls
 e - 2 scrolls of noise {unknown}
 f - a scroll of immolation {unknown}
 h - a scroll of silence {unknown}
 j - a scroll of enchant weapon {unknown}
 k - a scroll of fog {unknown}
 m - 4 scrolls of vulnerability {unknown}
 p - 7 scrolls of enchant armour {unknown}
 q - 5 scrolls of identify {unknown}
 r - 2 scrolls of teleportation {unknown}
 v - 2 scrolls of blinking {unknown}
 y - a scroll of fear {unknown}
 G - a scroll of holy word {unknown}
Potions
 g - 4 potions of attraction {unknown}
 i - 2 potions of cancellation {unknown}
 l - a potion of ambrosia {unknown}
 n - 3 potions of curing
 o - 2 potions of degeneration {unknown}
 s - a potion of invisibility {unknown}
 z - 2 potions of mutation {unknown}
 E - a potion of brilliance {unknown}
 K - a potion of might {unknown}


   Skills:
 + Level 4.0 Fighting
 * Level 3.6(4.1) Slings
 - Level 3.5(4.7) Throwing
 - Level 2.4 Dodging
 * Level 7.2 Unarmed Combat


You had 7 spell levels left.
You didn't know any spells.
Your spell library contained the following spells:

 Spells                   Type           Power      Damage    Failure   Level
 Pain                     Necr           0%         1d4       50%         1
 Fulminant Prism          Conj/Hex       0%         3d6       99%         4
 Iskenderun's Mystic Bla  Conj/Tloc      0%         2d3       99%         4
 Agony                    Necr           0%         N/A       100%        5
 Excruciating Wounds      Necr           0%         N/A       100%        5
 Lee's Rapid Deconstruct  Erth           0%         3d5*      100%        5


Dungeon Overview and Level Annotations

Branches:
Dungeon (6/15)             Temple (1/1) D:5

Altars:
Ashenzari
Cheibriados
Dithmenos
Elyvilon
Fedhas
Gozag
Hepliaklqana
Kikubaaqudgha
Makhleb
Nemelex Xobeh
Okawaru
Qazlal
Ru
Sif Muna
Trog
Uskayaw
Vehumet
Wu Jian
Xom
Yredelemnul
Zin
The Shining One

Shops:
D:4 [   D:5 [*![*


Innate Abilities, Weirdness & Mutations

You are too large for most types of armour.
You have claws for hands.
Your natural rate of healing is unusually fast.
You are covered in fur. (AC +1)
You have tough skin. (AC +1)


Message History

* * * LOW HITPOINT WARNING * * *
Something hits you but does no damage. Something hits you but does no damage.
There is a stone staircase leading down, spattered with blood here.
Items here: ( )) ††.
Something hits you but does no damage.
Things that are here:
a +0 whip; 8 poisoned darts; a +0 dagger Something hits you.
* * * LOW HITPOINT WARNING * * *
Something hits you.
* * * LOW HITPOINT WARNING * * *
You feel better. Something hits you but does no damage. Something hits you.
* * * LOW HITPOINT WARNING * * *
Things that are here:
a +0 whip; 8 poisoned darts; a +0 dagger Something hits you.
* * * LOW HITPOINT WARNING * * *
There is a stone staircase leading down, spattered with blood here.
Items here: ( )) ††.
Something hits you.
* * * LOW HITPOINT WARNING * * *
Something hits you.
* * * LOW HITPOINT WARNING * * *
Things that are here:
a +0 short sword; 5 stones; a kobold corpse You feel better.
Something hits you.
* * * LOW HITPOINT WARNING * * *
Something hits you but does no damage. Something hits you.
* * * LOW HITPOINT WARNING * * *
Things that are here:
a +0 whip; 8 poisoned darts; a +0 dagger Something hits you!
* * * LOW HITPOINT WARNING * * *
Something hits you!
* * * LOW HITPOINT WARNING * * *
Something hits you!
You die...

#............
#...........#
#...........#
#........)..#
#...........##+#
###.....##........
........)>........
###.....#)###.....
##.....#@# ...
........#.# .
..........###
...#.###....#
#+##.###....#
#.........#
#.........#
#.#......####
#.#......#######+


There were no monsters in sight!

Vanquished Creatures
  Eustachio (D:5)
  A water moccasin (D:5)
  Duvessa (D:5)
  An ice beast (D:5)
  3 sky beasts
  A kobold brigand (D:6)
  A scorpion (D:6)
  Dowan (D:5)
  An orc priest (D:5)
  3 hounds
  2 iguanas (D:5)
  3 orc wizards (D:3)
  Ijyb (D:3)
  Robin (D:3)
  3 gnolls (D:2)
  4 adders
  2 ufetubi (D:5)
  3 worms
  13 orcs
  8 bats
  9 endoplasms
  3 giant cockroaches
  22 goblins
  8 hobgoblins
  2 jackals (D:5)
  17 kobolds
  3 quokkas
  11 ball pythons
  3 frilled lizards
  6 rats
138 creatures vanquished.

Vanquished Creatures (others)
  3 plants (D:5)
3 creatures vanquished.

Grand Total: 141 creatures vanquished

Notes
Turn   | Place    | Note
-------+----------+-------------------------------------------
     0 | D:1      | rabbitsville the Troll Gladiator began the quest for the
                  | Orb.
     0 | D:1      | Reached XP level 1. HP: 19/19 MP: 0/0
   106 | D:1      | Reached XP level 2. HP: 28/28 MP: 1/1
   460 | D:1      | Found a faded altar of an unknown god.
   609 | D:1      | Reached XP level 3. HP: 35/35 MP: 2/2
  1052 | D:2      | Reached XP level 4. HP: 32/42 MP: 3/3
  1542 | D:2      | Reached skill level 4 in Unarmed Combat
  1837 | D:3      | Noticed Ijyb
  1873 | D:3      | Killed Ijyb
  1874 | D:3      | Reached XP level 5. HP: 29/50 MP: 4/4
  2053 | D:3      | You fall into a shaft and drop 1 floor!
  2245 | D:4      | Found Zeakuste's Armour Shoppe.
  2563 | D:3      | Reached XP level 6. HP: 45/59 MP: 5/5
  2645 | D:3      | Noticed Robin
  2665 | D:3      | Reached skill level 1 in Slings
  2668 | D:3      | Killed Robin
  2959 | D:4      | Identified the +1 robe of Proximity {rN+}
  3093 | D:5      | Entered Level 5 of the Dungeon
  3093 | D:5      | Noticed Duvessa
  3096 | D:5      | Noticed Dowan
  3143 | D:5      | Found Emienoho's Assorted Antiques.
  3158 | D:5      | Noticed an ice beast
  3177 | D:5      | Killed an ice beast
  3178 | D:5      | Reached skill level 5 in Unarmed Combat
  3195 | D:5      | Found Sowe's Distillery.
  3241 | D:5      | Found a staircase to the Ecumenical Temple.
  3242 | D:5      | Noticed a sky beast
  3278 | D:5      | Killed a sky beast
  3356 | D:5      | Reached XP level 7. HP: 60/67 MP: 6/6
  3377 | Temple   | Entered the Ecumenical Temple
  3473 | Temple   | Became a worshipper of Warmaster Okawaru
  3508 | D:5      | Found a white marble altar of Elyvilon.
  3538 | D:5      | Bought a potion of curing for 33 gold pieces
  3578 | D:5      | Killed Dowan
  3587 | D:5      | Reached skill level 6 in Unarmed Combat
  3645 | D:5      | Noticed Eustachio
  3685 | D:5      | Killed Eustachio
  3685 | D:5      | Reached * piety under Okawaru
  3836 | D:5      | Found Navveetiy's Armour Shoppe.
  3916 | D:5      | Killed Duvessa
  3917 | D:5      | Reached XP level 8. HP: 59/78 MP: 7/7
  4017 | D:5      | Found Wurredya's Antique Armour Shoppe.
  4137 | D:5      | Bought a +2 cloak of poison resistance for 259 gold pieces
  4258 | D:5      | Found Lees Qant's Assorted Antiques.
  4470 | D:6      | Reached skill level 7 in Unarmed Combat
  4580 | D:6      | Reached ** piety under Okawaru
  4625 | D:6      | HP: 2/78 [something (8)]
  4626 | D:6      | Slain by an unseen horror

Illustrated notes

Levels and vault maps discovered:
D:1:      saegor_arrival_simple_a, layout_loops_corners,
          shapermc_ecumenical_altar_petra, chequers_hall_statues_wall_a,
          st_stairs_4, minmay_shallow_snake_nest
D:2:      layout_rooms, serial_co_window_serial, co_window_corner_a,
          co_window_paths_b, co_window_of_opportunity_a, co_window_paths_a,
          co_window_of_opportunity_a, co_window_paths_c, co_window_cross_3,
          co_window_broadway_a, co_window_corner_b, co_window_4corner_a,
          glass_columns_c, glass_columns_a
D:3:      layout_rooms, uniq_ijyb, uniq_robin
D:4:      layout_loops_ring, serial_shops, nicolae_shop_advertising_works
          [nicolae_subvault_shop_adworks], minmay_goblin_kobold_house
D:5:      layout_basic, elyvilon_altar_1, minmay_temple_entry_purple_smoke,
          serial_shops, shop_fountains, shop, nicolae_shop_hallway_stairs,
          shop_coins, nicolae_shop_overgrown_old_shop,
          amcnicky_mini_rare_corridor_liquid, abandoned_shop, kennysheep_nub,
          uniq_eustachio, uniq_duvessa
D:6:      layout_basic, serial_shops, nicolae_shop_waterfront
Temple:   grunt_wide_crystal_templ

Skill      XL: |  1  2  3  4  5  6  7  8 |
---------------+-------------------------+-----
Throwing       | 2 3 |  3.5
Fighting       | 2 3 4 |  4.0
Unarmed Combat | 4 5 6 7 |  7.2
Slings         | 1 3 |  3.6
Dodging        | |  2.4

Action                   |  1- 3 |  4- 6 |  7- 9 || total
-------------------------+-------+-------+-------++-------
Melee: Unarmed           |    91 |   189 |    84 ||   364
       Punch             |     1 |     5 |     4 ||    10
 Fire: Hunting sling     |       |    41 |    40 ||    81
  Use: Potion            |       |       |     3 ||     3
 Stab: Sleeping          |     2 |       |       ||     2
Armor: Robe              |    29 |    95 |    81 ||   205
Dodge: Dodged            |    43 |   135 |    73 ||   251

Table legend: (Time is in decaauts)
 A = Elapsed time spent in this place.
 B = Non-inter-level travel time spent in this place.
 C = Inter-level travel time spent in this place.
 D = Time resting spent in this place.
 E = Time spent auto-exploring this place.
 F = Levels seen in this place.
 G = Mean time per level.
                   A        B        C        D        E       F      G
               +--------+--------+--------+--------+--------+-----+--------+
         Total |   4592 |   4317 |    275 |    156 |   2254 |   7 |  656.0 |
       Dungeon |   4478 |   4219 |    259 |    156 |   2228 |   6 |  746.3 |
        Temple |    113 |     97 |     16 |      0 |     26 |   1 |  113.0 |
               +--------+--------+--------+--------+--------+-----+--------+

Top non-repeatable levels by time:
     D:5: 1195 daAuts
     D:2: 921 daAuts
     D:1: 891 daAuts
     D:4: 733 daAuts
     D:3: 569 daAuts
     D:6: 167 daAuts
  Temple: 113 daAuts
